 Dungeon Crawl Stone Soup version 0.18.1-48-g4cf74bf (webtiles) character file.

105 RickumRackum the Gusty (level 4, -2/33 HPs)
             Began as a Draconian Air Elementalist on Aug 26, 2016.
             Was a Follower of Makhleb.
             Slain by Terence
             ... wielding a +0 falchion
              (4 damage)
             ... on level 3 of the Dungeon.
             The game lasted 00:16:40 (2556 turns).

RickumRackum the Gusty (Draconian Air Elementalist) Turns: 2556, Time: 00:16:40

Health: -2/33      AC:  5    Str: 10    XL:     4   Next: 53%
Magic:  0/9        EV: 12    Int: 16    God:    Makhleb [*.....]
Gold:   78         SH:  0    Dex: 12    Spells: 2 memorised, 5 levels left

rFire  . . .     SeeInvis .     d - +1 short sword
rCold  . . .     Gourm    .     (armour unavailable)
rNeg   . . .     Faith    .     (no shield)
rPois  .         Spirit   .     (helmet restricted)
rElec  .         Dismiss  .     (no cloak)
rCorr  .         Reflect  .     (no gloves)
SustAt .         Harm     .     (no boots)
MR     .....                    (no amulet)
Stlth  ++........               (no ring)
                                (no ring)

@: hasted, very quick, not resistant to hostile enchantments, unstealthy
A: unfitting armour, cold-blooded, AC +5
a: Renounce Religion


You were on level 3 of the Dungeon.
You worshipped Makhleb.
Makhleb was aware of your devotion.
You were not hungry.

You visited 1 branch of the dungeon, and saw 3 of its levels.

You collected 78 gold pieces.

Inventory:

Hand Weapons
 c - a +0 club
 d - a +1 short sword (weapon)
Jewellery
 h - an uncursed ring of fire {unknown}
Scrolls
 g - 3 scrolls of remove curse
 l - a scroll of amnesia {unknown}
Potions
 e - 2 potions of agility
 j - a potion of flight {unknown}
 n - a potion of curing
Books
 a - a book of Air

   Spells                             Type                      Level
   a - Shock                          Conjuration/Air              1
   b - Swiftness                      Charms/Air                   2
   c - Repel Missiles                 Charms/Air                   2
   d - Static Discharge               Conjuration/Air              3
   e - Lightning Bolt                 Conjuration/Air              5
Comestibles
 b - 5 bread rations
 f - a chunk of flesh
 i - a beef jerky
 k - a meat ration
 m - a slice of pizza


   Skills:
 - Level 1.7 Dodging
 - Level 1.7 Stealth
 * Level 3.4 Spellcasting
 - Level 1.0 Conjurations
 * Level 4.2 Air Magic
 + Level 0.2 Invocations


You had 5 spell levels left.
You knew the following spells:

 Your Spells              Type           Power        Failure   Level  Hunger
a - Shock                 Conj/Air       ##..         10%         1    None
b - Static Discharge      Conj/Air       ##......     21%         3    ###....


Dungeon Overview and Level Annotations

Branches:
Dungeon (3/15)

Altars:
Makhleb
Okawaru

Annotations:
D:3 Terence


Innate Abilities, Weirdness & Mutations

Your plain brown scales are hard (AC +5).
Your body does not fit into most forms of armour.
You are cold-blooded and may be slowed by cold attacks.


Message History

Aim: a bat The zap hits Terence.
Terence is heavily wounded.
The zap misses the bat.
Terence hits you with a falchion.
You hit Terence but do no damage.
Terence is heavily wounded.
Terence hits you with a falchion!
You hit Terence but do no damage.
Terence is heavily wounded.
Terence hits you with a falchion!
* * * LOW HITPOINT WARNING * * *
You hit Terence.
Terence is severely wounded.
Terence zaps a wand.
The puff of flame hits you!
* * * LOW HITPOINT WARNING * * *
It is a wand of flame.
Drink which item? (? for menu, Esc to quit)
It was a potion of haste.
You feel yourself speed up. Terence hits you with a falchion.
You die...

######### .###
).......# ...#
######.## ...
#........ ..#
#.####.## #†# #.#
#.# #b# #.# #.#
#.##@########.#
#.##
#...@.........#
#.#.
.....##.##########
#.#. #.# #.# ...
... ... ##.# #..
..# ### #.. #..
#..#


You could see Terence and a bat.

Vanquished Creatures
  4 adders
  A gnoll (D:1)
  An ooze (D:3)
  A worm (D:3)
  A dart slug (D:2)
  4 giant geckos
  2 giant cockroaches
  2 goblins (D:2)
  6 hobgoblins
  2 jackals (D:1)
  11 kobolds
  2 ball pythons
  4 bats
  4 giant newts
  4 rats
  2 toadstools (D:1)
51 creatures vanquished.

Vanquished Creatures (others)
  2 toadstools (D:1)
2 creatures vanquished.

Grand Total: 53 creatures vanquished

Notes
Turn   | Place    | Note
--------------------------------------------------------------
     0 | D:1      | RickumRackum the Draconian Air Elementalist began the quest for the Orb.
     0 | D:1      | Reached XP level 1. HP: 14/14 MP: 3/3
   453 | D:1      | Reached XP level 2. HP: 8/20 MP: 0/5
  1105 | D:1      | Reached XP level 3. HP: 26/26 MP: 0/7
  1599 | D:2      | Found an iron altar of Okawaru.
  1661 | D:2      | Reached skill level 4 in Air Magic
  1728 | D:2      | Learned a level 3 spell: Static Discharge
  1748 | D:2      | Reached XP level 4. HP: 33/33 MP: 4/8
  2409 | D:3      | Found a faded altar to an unknown god.
  2428 | D:3      | Became a worshipper of Makhleb the Destroyer
  2428 | D:3      | Reached * piety under Makhleb
  2545 | D:3      | Noticed Terence
  2556 | D:3      | Slain by Terence

Skill      XL: |  1  2  3 |
---------------+----------+-----
Spellcasting   | 3 |  3.4
Air Magic      | 4 |  4.2
Dodging        | |  1.7
Stealth        | |  1.7
Conjurations   | |  1.0
Invocations    | |  0.2

Action                   |  1- 3 |  4- 6 || total
-------------------------+-------+-------++-------
Melee: Short sword       |    43 |    23 ||    66
       Unarmed           |     5 |       ||     5
       Tailslap          |     4 |     1 ||     5
       Club              |     1 |       ||     1
 Cast: Shock             |    57 |    51 ||   108
  Use: Scroll            |     4 |       ||     4
       Potion            |     3 |     1 ||     4
  Eat: Chunk             |     3 |     3 ||     6
Armor: Skin              |    19 |     6 ||    25
Dodge: Dodged            |    44 |    19 ||    63
